 Dungeon Crawl Stone Soup version 0.30-a0-802-gb92711bcdf (webtiles) character file.

Game seed: 8293023668030177470

9412 ColdPorridge the Martial Artist (level 12, -10/126 HPs)
             Began as a Meteoran Transmuter on Feb 25, 2023.
             Was a High Priest of Dithmenos.
             Mangled by a komodo dragon (26 damage)
             ... on level 2 of the Lair of Beasts.
             The game lasted 00:48:54 (6392 turns).

ColdPorridge the Martial Artist (MeTm)              Turns: 6392, Time: 00:48:54

Health: -10/126    AC:  7    Str: 20    XL:     12   Next: 4%
Magic:  28/28      EV: 13    Int: 18    God:    Dithmenos [*****.]
Gold:   380        SH:  0    Dex: 15    Spells: 4/19 levels left

rFire   x . .      SeeInvis .      - Unarmed
rCold   + + +      Faith    +    (shield currently unavailable)
rNeg    . . .      Spirit   .    (body armour currently unavailable)
rPois   +          Reflect  .    (helmet currently unavailable)
rElec   .          Harm     .    (cloak currently unavailable)
rCorr   .          Rampage  .    (gloves currently unavailable)
Will    +....                    (boots currently unavailable)
Stlth   +                        o - amulet of faith
HPRegen 0.41/turn                g - ring of magical power
MPRegen 0.21/turn                r - +6 ring of strength

@: ice-form, glowing
A: freezing attack, amphibious, boosted hp, large, sense surroundings 2,
otherworldly, glowing, explore regen
a: End Transformation, Renounce Religion, Shadow Step, Shadow Form


You were on level 2 of the Lair of Beasts.
You worshipped Dithmenos.
Dithmenos was extremely pleased with you.
You were a creature of crystalline ice.
You visited 2 branches of the dungeon, and saw 13 of its levels.
You also visited: Sewer.

You collected 540 gold pieces.
You spent 160 gold pieces at shops.

Inventory:

Hand Weapons
 n - a +0 quarterstaff
 A - a -1 demon whip of protection
Missiles
 e - 33 stones
 l - 10 poisoned darts
 p - 2 boomerangs of dispersal
Armour
 a - a +0 robe
 f - the +5 chain mail "Ruudydod" {rF+ rN+ Int+3}
   (You found it on level 3 of the Dungeon)

   Int:       It affects your intelligence (+3).
   rF:        It protects you from fire.
   rN:        It protects you from negative energy.
 k - a +2 pair of gloves (melded)
 q - a +3 leather armour of fire resistance (melded)
 u - a scarf of shadows (melded)
 x - the +4 plate armour of Autumn {rF+ Str+3}
   (You acquired it on level 9 of the Dungeon)

   Str:       It affects your strength (+3).
   rF:        It protects you from fire.
 y - a +2 pair of boots (melded)
 B - +0 steam dragon scales
Magical Staves
 c - a staff of poison
Jewellery
 g - a ring of magical power (left front paw)
 o - an amulet of faith (around neck)
 r - a +6 ring of strength (right front paw)
 w - a ring of magical power
Wands
 s - a wand of flame (10)
 t - a wand of roots (1)
Scrolls
 b - 2 scrolls of immolation
 d - a scroll of teleportation
 v - 2 scrolls of amnesia
Potions
 h - a potion of cancellation
 i - a potion of haste {unknown}
 j - a potion of brilliance
 m - a potion of lignification
 z - a potion of invisibility {unknown}
 C - a potion of resistance {unknown}


   Skills:
 - Level 9.5 Fighting
 - Level 4.8 Armour
 - Level 7.0 Dodging
 + Level 14.0 Unarmed Combat
 - Level 4.3 Spellcasting
 - Level 3.2 Transmutations
 - Level 5.1 Ice Magic
 + Level 4.0 Earth Magic
 - Level 3.5 Poison Magic


You had 4 spell levels left.
You knew the following spells:

 Your Spells              Type           Power      Damage    Failure   Level
a - Beastly Appendage     Tmut           30%        N/A       3%          1
b - Spider Form           Tmut/Pois      16%        N/A       11%         3
c - Ice Form              Ice/Tmut       19%        N/A       26%         4
d - Frozen Ramparts       Ice            44%        1d7       5%          3
e - Leda's Liquefaction   Hex/Erth       5%         N/A       52%         4

Your spell library contained the following spells:

 Spells                   Type           Power      Damage    Failure   Level
 Freeze                   Ice            88%        1d9       1%          1
 Wereblood                Tmut           15%        N/A       5%          2
 Ensorcelled Hibernation  Hex/Ice        26%        N/A       8%          2
 Hailstorm                Conj/Ice       13%        3d5       16%         3
 Lesser Beckoning         Tloc           6%         N/A       22%         2
 Gell's Gravitas          Tloc           3%         N/A       41%         3
 Kindle Blastsparks       Fire/Tloc/Air  6%         2d10      41%         3
 Teleport Other           Tloc           3%         N/A       41%         3
 Anguish                  Hex/Necr       1%         N/A       82%         4
 Fulminant Prism          Conj/Hex       1%         3d5       82%         4
 Iskenderun's Mystic Bla  Conj/Tloc      3%         2d3       82%         4
 Lee's Rapid Deconstruct  Erth           9%         3d7*      58%         5
 Statue Form              Tmut/Erth      11%        N/A       99%         6


Dungeon Overview and Level Annotations

Branches:
Dungeon (11/15) Zot: 782     Lair (2/5) D:11 Zot: 997   Sewer (visited)
 Temple: D:4-7        Swamp: Lair:2-3    Shoals: Lair:2-3     Snake: Lair:2-3
 Spider: Lair:2-3       Orc: D:9-12

Altars:
Cheibriados
Dithmenos
Nemelex Xobeh
Uskayaw
Vehumet

Shops:
D:4 (   D:8 *

Annotations:
D:7 Dowan, Duvessa
D:8 Joseph
D:9 exclusions: downstairs and upstairs
D:10 exclusion: downstairs


Innate Abilities, Weirdness & Mutations

You are a creature of crystalline ice.
You have a powerful freezing melee attack.
You are amphibious.
Your maximum health is increased.
Your armour is entirely melded.
You are incapable of wielding weapons or throwing items.
You passively map the area around you.
You are easily found by Zot.
You glow in the dark.
You regain HP and MP as you explore.


Message History

Your +2 pair of boots melds into your body.
Your +3 leather armour of fire resistance melds into your body.
The dungeon's light returns to normal.
You feel less resistant to fire.
A blink frog comes into view.
A cane toad and a black mamba come into view.
Found a stone staircase leading up.
The black mamba hisses angrily.
A blink frog comes into view.
A komodo dragon comes into view.
The black mamba moves out of view.
You pummel the blink frog!!
The blink frog seems to slow down.
You freeze the blink frog.
The blink frog is almost dead.
Your shadow hits the blink frog.
You kill the blink frog!
Dithmenos accepts your kill.
You hear a croak.
You hear a howl!
Your Unarmed Combat skill increases to level 14!
Your Earth Magic skill increases to level 4!
You barely miss the blink frog. The blink frog hits you!
You barely miss the blink frog. The blink frog barely misses you.
A wolf comes into view.
You completely miss the black mamba. The black mamba closely misses you.
The komodo dragon bites you!!
You closely miss the black mamba. The black mamba closely misses you.
The black mamba bites you!
You hit the black mamba but do no damage.
The cane toad closely misses you. The black mamba bites you!
The komodo dragon bites you!!
You hear a croak.
You punch the black mamba! You freeze the black mamba.
The black mamba is heavily wounded.
The black mamba bites you but does no damage.
The cane toad stings you!
* * * LOW HITPOINT WARNING * * *
The komodo dragon bites you!
* * * LOW HITPOINT WARNING * * *
Okay, then.
The komodo dragon attacks as you move away!
The komodo dragon bites you!!
You die...

, , ,, ,,* , ,
, *, .##* ..#
*#..#** ⌠.
....,* * *
,,.....* ..
,.... , , *
*#....## .
....⌠. ,
#......#.
...... , ,,
#......F#,.⌠..<
*
.....FFl##.....
, **, , * * ,
#YS.# , , ,
,#.###..## ,,
,* , , ,
,........<.# *
, ,, ,
..........# * ,
,..........# ,
, , , , ,
........... , ,
,, .###.#....#.
, , #.##....##.
, * , * , *
..*...... ##* *
,


You could see a komodo dragon, a black mamba, a cane toad and 2 blink frogs.

Vanquished Creatures
  A two-headed ogre (D:10)
  Pikel (D:7)
  2 elephants (Lair:1)
  A komodo dragon (D:11)
  A troll (D:9)
  A hornet (D:10)
  A blink frog (Lair:2)
  A wyvern (D:8)
  A shadow (D:11)
  9 yaks
  4 basilisks (D:11)
  Eustachio (D:5)
  A steam dragon (D:8)
  3 vampire mosquitoes (D:11)
  A swamp drake (D:11)
  An acid dragon (D:9)
  4 water moccasins
  6 orc warriors
  An ice beast (D:7)
  2 black bears (D:7)
  A centaur (D:5)
  2 lemures (D:7)
  2 kobold brigands
  5 bullfrogs
  A necrophage (D:6)
  A scorpion (D:5)
  A gnoll sergeant (D:11)
  5 wights
  15 killer bees (D:9)
  A howler monkey (D:4)
  4 hounds
  3 jellies
  5 orc priests
  2 iguanas
  11 orc wizards
  9 adders
  9 gnolls
  4 river rats (Sewer)
  A shadow imp (D:7)
  2 worms
  A dart slug (D:1)
  58 orcs
  6 endoplasms
  5 giant cockroaches
  3 goblins
  4 hobgoblins
  3 jackals (Sewer)
  10 kobolds
  5 quokkas
  9 ball pythons
  7 bats
  3 frilled lizards
  4 rats
245 creatures vanquished.

Vanquished Creatures (others)
  A plant (Lair:1)
1 creature vanquished.

Grand Total: 246 creatures vanquished

Notes
Turn   | Place    | Note
-------+----------+-------------------------------------------
     0 | D:1      | ColdPorridge the Meteoran Transmuter began the quest for
                  | the Orb.
     0 | D:1      | Reached XP level 1. HP: 16/16 MP: 5/5
    40 | D:1      | Reached XP level 2. HP: 23/23 MP: 3/6
    95 | D:1      | Reached skill level 4 in Unarmed Combat
   333 | D:2      | Reached XP level 3. HP: 24/28 MP: 8/8
   345 | D:2      | Learned a level 3 spell: Spider Form
   392 | D:2      | Reached skill level 1 in Poison Magic
   426 | D:2      | Reached XP level 4. HP: 35/35 MP: 9/9
  1109 | D:3      | Found a sparkling altar of Nemelex Xobeh.
  1109 | D:3      | Found a transporter.
  1130 | D:3      | Reached XP level 5. HP: 24/40 MP: 10/10
  1131 | D:3      | Reached skill level 5 in Unarmed Combat
  1187 | D:3      | Identified the +5 chain mail "Ruudydod" {rF+ rN+ Int+3}
  1227 | D:4      | Found a shadowy altar of Dithmenos.
  1250 | D:4      | Became a worshipper of Dithmenos the Shadowed
  1350 | D:4      | Reached XP level 6. HP: 31/47 MP: 11/11
  1602 | D:4      | Found Hur Itir's Antique Weapon Shop.
  1650 | D:4      | HP: 1/47 [gnoll/+0 spear (2)]
  1660 | D:4      | Found a hide-covered altar of Uskayaw.
  1862 | D:4      | Reached skill level 6 in Unarmed Combat
  1864 | D:4      | Reached XP level 7. HP: 43/52 MP: 13/13
  1913 | D:4      | HP: 1/52 [howler monkey (4)]
  2044 | D:5      | Entered Level 5 of the Dungeon
  2073 | D:5      | Reached * piety under Dithmenos
  2098 | D:5      | Noticed Eustachio
  2118 | D:5      | Killed Eustachio
  2119 | D:5      | Reached skill level 7 in Unarmed Combat
  2155 | D:5      | Reached XP level 8. HP: 42/59 MP: 15/15
  2232 | D:5      | Reached skill level 8 in Unarmed Combat
  2323 | D:6      | Reached skill level 5 in Dodging
  2408 | D:6      | Found a glowing drain.
  2422 | Sewer    | Entered a sewer
  2550 | Sewer    | Reached skill level 9 in Unarmed Combat
  2614 | Sewer    | Reached ** piety under Dithmenos
  2826 | D:7      | Gained mutation: You passively map the area around you.
                  | [Meteoran growth]
  2826 | D:7      | Reached XP level 9. HP: 32/64 MP: 16/16
  2866 | D:7      | Noticed Pikel
  2882 | D:7      | Killed Pikel
  2883 | D:7      | Reached skill level 10 in Unarmed Combat
  2895 | D:7      | Reached skill level 1 in Armour
  3025 | D:7      | Noticed Dowan
  3026 | D:7      | Noticed Duvessa
  3151 | D:7      | Reached skill level 11 in Unarmed Combat
  3151 | D:7      | Reached XP level 10. HP: 61/78 MP: 17/17
  3382 | D:8      | Found Nelinwix's Lightly-Used Armoury.
  3400 | D:8      | Bought a -1 demon whip for 160 gold pieces
  3529 | D:8      | Reached skill level 5 in Fighting
  3637 | D:8      | Reached *** piety under Dithmenos
  3800 | D:8      | Learned a level 4 spell: Ice Form
  4251 | D:9      | Reached skill level 1 in Ice Magic
  4340 | D:9      | Reached **** piety under Dithmenos
  4420 | D:9      | Found a radiant altar of Vehumet.
  4422 | D:9      | Found a snail-covered altar of Cheibriados.
  4474 | D:9      | Reached XP level 11. HP: 56/95 MP: 18/18
  4484 | D:9      | Identified a scroll of acquirement
  4484 | D:9      | Acquired the +4 plate armour of Autumn {rF+ Str+3}
  4569 | D:8      | Noticed Joseph
  4586 | D:10     | Entered Level 10 of the Dungeon
  4612 | D:10     | Noticed a two-headed ogre
  4625 | D:10     | Killed a two-headed ogre
  4626 | D:10     | Reached skill level 12 in Unarmed Combat
  4672 | D:10     | Paralysed by a hornet for 2 turns
  4762 | D:10     | HP: 7/142 [orc warrior/+0 flail (9)]
  5003 | D:10     | Reached ***** piety under Dithmenos
  5078 | D:9      | Reached skill level 5 in Ice Magic
  5780 | D:11     | Learned a level 3 spell: Frozen Ramparts
  6014 | D:11     | Identified the +1 leather armour "Anegg" {rF- Dex+5}
  6029 | D:11     | Reached skill level 13 in Unarmed Combat
  6170 | D:11     | Found a staircase to the Lair.
  6178 | Lair:1   | Entered Level 1 of the Lair of Beasts
  6187 | Lair:1   | Learned a level 4 spell: Leda's Liquefaction
  6198 | Lair:1   | Noticed an elephant
  6198 | Lair:1   | Noticed an elephant
  6199 | Lair:1   | Noticed an elephant
  6207 | Lair:1   | Noticed an elephant
  6212 | Lair:1   | Reached skill level 1 in Earth Magic
  6240 | Lair:1   | Killed an elephant
  6244 | Lair:1   | Killed an elephant
  6245 | Lair:1   | Reached XP level 12. HP: 36/105 MP: 19/19
  6386 | Lair:2   | Reached skill level 14 in Unarmed Combat
  6392 | Lair:2   | Mangled by a komodo dragon

Illustrated notes

Levels and vault maps discovered:
D:1:      matt_arrival_refuge, layout_loops_cross
D:2:      layout_rooms
D:3:      layout_basic, grunt_nemelex_the_gamble
D:4:      layout_basic, nicolae_dithmenos_through_a_glass_darkly,
          nicolae_uskayaw_dance_hall, serial_shops, nicolae_shop_trees,
          minmay_misc_feat_doors, chequers_serial_rivers_micro_a
D:5:      layout_rooms, eino_curves_03, serial_park_tiny_pond,
          minmay_fractal_squares_diagonal_5, uniq_edmund, uniq_eustachio
D:6:      layout_layer_cave, portal_sewer_entry_a, kennysheep_generic_room_2
D:7:      layout_cave_pools, minmay_temple_entry_waves, kennysheep_cross_room,
          uniq_crazy_yiuf_cottage, uniq_duvessa, uniq_pikel, uniq_menkaure
D:8:      layout_loops_ring, columned_hall_lemuel, minmay_misc_feat_ornament,
          hangedman_decor_growths, grunt_ministairs_3, minivault_26,
          dk_noncrumbling_4, minmay_shop_damaged, uniq_joseph
D:9:      lemuel_ice_spiral_2, layout_irregular_city,
          nicolae_overflow_hidden_temple, hangedman_abyss_or_decor_clamps
D:10:     layout_roguey [special_room_orc]
D:11:     layout_grid_maze, erik_lair_dragon, lemuel_zombie_altar_yredelemnul
Lair:1:   layout_layer_cave, gammafunk_ghost_necromancy, grunt_megastairs_1,
          lemuel_fruit_tree
Lair:2:   layout_regular_city, minmay_shoals_entry_beasts,
          minmay_snake_entry_guardpost_medium, grunt_forest_stairs_clearing,
          grunt_megastairs_3

Skill      XL: |  1  2  3  4  5  6  7  8  9 10 11 12 |
---------------+-------------------------------------+-----
Unarmed Combat | 4 5 6 7 9 11 13 14 | 14.0
Transmutations | 3 |  3.2
Poison Magic   | 1 3 |  3.5
Spellcasting   | 3 4 |  4.3
Dodging        | 3 4 6 7 |  7.0
Armour         | 4 |  4.8
Fighting       | 3 8 9 |  9.5
Ice Magic      | 2 5 |  5.1
Earth Magic    | 3 4 |  4.0

Action                     |  1- 3 |  4- 6 |  7- 9 | 10-12 || total
---------------------------+-------+-------+-------+-------++-------
  Melee: Unarmed           |    53 |    97 |   232 |   358 ||   740
         Headbutt          |     7 |     3 |       |       ||    10
         Kick              |    13 |     5 |       |       ||    18
         Punch             |       |     1 |       |     9 ||    10
         Staff             |       |     5 |     6 |       ||    11
   Cast: Beastly Appendage |    11 |     6 |       |       ||    17
         Spider Form       |       |    10 |    23 |    22 ||    55
         Ice Form          |       |       |       |     2 ||     2
  Evoke: Wand              |       |       |     3 |     5 ||     8
    Use: Scroll            |       |     5 |     6 |    14 ||    25
         Potion            |       |     1 |     3 |    11 ||    15
   Stab: Sleeping          |       |     1 |       |       ||     1
 Armour: Robe              |     9 |    15 |     5 |       ||    29
         Skin              |       |     7 |    15 |    33 ||    55
         Leather armour    |       |       |    49 |    58 ||   107
  Dodge: Dodged            |    23 |    91 |   258 |   334 ||   706

Table legend: (Time is in decaauts)
 A = Elapsed time spent in this place.
 B = Non-inter-level travel time spent in this place.
 C = Inter-level travel time spent in this place.
 D = Time resting spent in this place.
 E = Time spent auto-exploring this place.
 F = Levels seen in this place.
 G = Mean time per level.
                   A        B        C        D        E       F      G
               +--------+--------+--------+--------+--------+-----+--------+
         Total |   6320 |   6045 |    275 |   1051 |    116 |  14 |  451.4 |
       Dungeon |   5817 |   5542 |    275 |    945 |    116 |  11 |  528.8 |
          Lair |    202 |    202 |      0 |    106 |      0 |   2 |  101.0 |
         Sewer |    300 |    300 |      0 |      0 |      0 |   1 |  300.0 |
               +--------+--------+--------+--------+--------+-----+--------+

Top non-repeatable levels by time:
    D:11: 876 daAuts
     D:3: 743 daAuts
     D:9: 719 daAuts
    D:10: 646 daAuts
     D:4: 582 daAuts
     D:8: 521 daAuts
     D:6: 459 daAuts
     D:1: 394 daAuts
     D:7: 355 daAuts
     D:2: 321 daAuts
   Sewer: 300 daAuts
     D:5: 198 daAuts
  Lair:1: 193 daAuts
  Lair:2: 8 daAuts
